[Event "Late-Titled-Tuesday-Blitz-May-07-2024"]
[Site "Chess.com"]
[Date "2024.05.07"]
[Round "8"]
[White "Franmu14"]
[Black "sergiochess83"]
[Result "0-1"]
[WhiteElo "2742"]
[BlackElo "2898"]
[TimeControl "180+1"]
[EndTime "15:27:56 PDT"]
[Termination "sergiochess83 won by checkmate"]

1. e4 e6 2. Nc3 d5 3. exd5 exd5 4.
d4 c6 5. Qf3 Bd6 6. Bd3 Ne7 7.
Nge2 O-O 8. Bf4 Re8 9. O-O-O b5 10. Bxd6 Qxd6 11. Nf4 b4 12. Nce2 a5 13. h4 Nd7 14.
h5 Nf6 15. Qg3 h6 16. f3 a4 17. Nh3 Qd8 18. c4 Nf5 19. Bxf5 Bxf5 20. Nhf4 a3 21. b3 dxc4 22. bxc4 Qa5 23. Qe1 Qa4 24. Nd3 b3 25. Qc3 Rxe2 26. axb3 Qa7 27. Rhe1 a2 28. Qa1 Qa3+ 29. Nb2 Rc2# 0-1

[Event "Late-Titled-Tuesday-Blitz-May-07-2024"]
[Site "Chess.com"]
[Date "2024.05.07"]
[Round "8"]
[White "Mops_2004"]
[Black "CarlosjPineror"]
[Result "1-0"]
[WhiteElo "2810"]
[BlackElo "2652"]
[TimeControl "180+1"]
[EndTime "15:27:57 PDT"]
[Termination "Mops_2004 won by resignation"]

1. Nf3 Nf6 2. g3 g6 3. d4 Bg7 4. Bg2 O-O 5. O-O d6 6. Re1 c5 7. dxc5 dxc5 8. c3 Nc6 9. Qxd8 Rxd8 10. Be3 Nd7 11. Rd1 Re8 12. a4 Rb8 13. Na3 b6 14. Nd2 Na5 15. Ndc4 Nxc4 16. Nxc4 Ba6 17. Rxd7 Bxc4 18.
Rxa7 Bxe2 19. Bc6 Rec8 20. Bb5 Bxb5 21. axb5 Bf6 22. Bf4 e5 23. Be3 g5 24. g4 h5 25.
h3 hxg4 26. hxg4 Kg7 27. Kg2 Rd8 28. Kf3 c4 29. Rc7 Rd5 30. Raa7 Rf8 31. Bxb6 Rxb5 32.
Bc5 Rxc5 33. Rxc5 Rb8 34. Ra2 Be7 35. Rxc4 Rb7 36. Ke4 f6 37. Kf5 Rd7 38. Ke6 Rb7 39.
b4 Kf8 40. Ra8+ Kg7 41. Rac8 1-0

[Event "Late-Titled-Tuesday-Blitz-May-07-2024"]
[Site "Chess.com"]
[Date "2024.05.07"]
[Round "8"]
[White "IndianSchoolOfSuffering"]
[Black "jefferyx"]
[Result "0-1"]
[WhiteElo "2440"]
[BlackElo "3095"]
[TimeControl "180+1"]
[EndTime "15:27:58 PDT"]
[Termination "jefferyx won by resignation"]

1. Nf3 c5 2. g3 Nc6 3. Bg2 g6 4. O-O Bg7 5. c4 d6 6. Nc3 e6 7. Rb1 Nge7 8. a3 O-O 9. b4 b6 10. b5 Na5 11. Qa4 Bd7 12. Ne4 d5 13. cxd5 exd5 14. Neg5 h6 15. Nh3 a6 16. d4 axb5 17.
Qc2 Bf5 18. Qa2 Qd7 19. Nf4 Bxb1 20. Qxb1 Nc4 21. Rd1 Rfd8 22. Ne5 Nxe5 23. dxe5 Bxe5 24. Nxd5 Nxd5 25. Bxd5 Qe8 26. Qxg6+ Bg7 27. Bxh6 Qf8 28. Bxg7 Rxd5 29. Rxd5 fxg6 30. Bxf8 Kxf8 31. Rd6 Rxa3 32. Rxb6 b4 33. Rb5 Rc3 34. Kg2 b3 35. e4 c4 36.
e5 Rc2 37. h4 b2 38. Kf3 c3 0-1

[Event "Late-Titled-Tuesday-Blitz-May-07-2024"]
[Site "Chess.com"]
[Date "2024.05.07"]
[Round "8"]
[White "martinmena"]
[Black "A4RookA3"]
[Result "0-1"]
[WhiteElo "2131"]
[BlackElo "2431"]
[TimeControl "180+1"]
[EndTime "15:28:01 PDT"]
[Termination "A4RookA3 won on time"]

1. c4 g6 2. g3 Bg7 3. Bg2 c5 4. Nc3 Nc6 5. e4 Nf6 6. Nge2 O-O 7. O-O d6 8. d3 Ne8 9. Be3 Nc7 10. Qd2 Rb8 11.
Bh6 Bxh6 12. Qxh6 a6 13. f4 f5 14. h4 e5 15. h5 Qf6 16. hxg6 Qxg6 17. Qxg6+ hxg6 18.
Nd5 Nxd5 19. exd5 Nb4 20. Rfd1 Re8 21. Rd2 e4 22. d4 Nd3 23. dxc5 Nxc5 24. b3 Nd3 25.
Rad1 Nb4 0-1

[Event "Late-Titled-Tuesday-Blitz-May-07-2024"]
[Site "Chess.com"]
[Date "2024.05.07"]
[Round "8"]
[White "GM_dmitrij"]
[Black "Rodalquilar"]
[Result "1-0"]
[WhiteElo "3035"]
[BlackElo "2782"]
[TimeControl "180+1"]
[EndTime "15:28:04 PDT"]
[Termination "GM_dmitrij won on time"]

1. e4 d5 2. exd5 Qxd5 3. Nc3 Qa5 4. d4 Nf6 5. Nf3 Bf5 6. Bd2 e6 7. Bc4 Bb4 8. a3 Bxc3 9. Bxc3 Qb6 10. O-O Nc6 11.
d5 O-O-O 12. Nh4 Be4 13. Bxf6 gxf6 14. Qh5 Bg6 15. Qe2 Nd4 16. Qd2 Qc5 17. Ba2 exd5 18. b4 Qb6 19. Rad1 Nf5 20. Nxf5 Bxf5 21. Qf4 Bxc2 22.
Rxd5 Rxd5 23. Bxd5 Rd8 24. Bxf7 Qd4 25. Qg3 1-0

[Event "Late-Titled-Tuesday-Blitz-May-07-2024"]
[Site "Chess.com"]
[Date "2024.05.07"]
[Round "8"]
[White "Lennis93"]
[Black "Sinquefield"]
[Result "0-1"]
[WhiteElo "2720"]
[BlackElo "2562"]
[TimeControl "180+1"]
[EndTime "15:28:04 PDT"]
[Termination "Sinquefield won by resignation"]

1. d4 Nf6 2. Nf3 d6 3. Nc3 Nbd7 4. e4 e5 5. Bc4 Be7 6. g4 Nxg4 7.
Rg1 exd4 8. Rxg4 dxc3 9. Rxg7 Rf8 10. b3 Nb6 11. Be2 Be6 12. Nd4 Qd7 13. Qd3 Bf6 14. Rxh7 Rg8 15. Be3 O-O-O 16. O-O-O d5 17. Qxc3 dxe4 18.
Qa5 a6 19. c4 Qe7 20. c5 Rd5 21. Nxe6 Qxe6 22. Rxd5 Qxd5 23. Rh5 Rg1+ 24. Kc2 Qc6 25. Qd2 Nd7 26. Bc4 Ra1 27. b4 Qa4+ 28. Bb3 Rxa2+ 29. Kc1 Qxb3 0-1

[Event "Late-Titled-Tuesday-Blitz-May-07-2024"]
[Site "Chess.com"]
[Date "2024.05.07"]
[Round "8"]
[White "Durarbayli"]
[Black "ReadySkate"]
[Result "1-0"]
[WhiteElo "2934"]
[BlackElo "2711"]
[TimeControl "180+1"]
[EndTime "15:28:07 PDT"]
[Termination "Durarbayli won by resignation"]

1. e4 c5 2. Nf3 d6 3. d4 cxd4 4.
Nxd4 Nf6 5. Nc3 a6 6. h4 e5 7. Nb3 h6 8. Be2 Be6 9. f4 exf4 10. Bxf4 Nc6 11. Qd2 Be7 12. O-O-O O-O 13. g4 Bxg4 14. h5 Bxe2 15. Qxe2 Qc8 16. Rhg1 Kh8 17. Bxd6 Bxd6 18. Rxd6 Nh7 19. Nc5 Ng5 20. Qe3 Ne5 21. Rd5 Nc4 22.
Qd4 Nb6 23. Rd6 Rd8 24. Rxh6+ Kg8 25. Rd6 Qc7 26. Rxg5 f6 27. Rxg7+ Qxg7 28. Rxd8+ Kh7 29.
Rxa8 Nxa8 30. b3 Nc7 31. Nd5 f5 32. Qxg7+ 1-0

[Event "Late-Titled-Tuesday-Blitz-May-07-2024"]
[Site "Chess.com"]
[Date "2024.05.07"]
[Round "8"]
[White "SharathRk6"]
[Black "Mikhail_Golubev"]
[Result "0-1"]
[WhiteElo "2462"]
[BlackElo "2612"]
[TimeControl "180+1"]
[EndTime "15:28:07 PDT"]
[Termination "Mikhail_Golubev won by checkmate"]

1. e4 c5 2. Nf3 Nc6 3. Bb5 d6 4. O-O Bd7 5. Re1 Nf6 6. c3 a6 7. Bf1 Bg4 8. d4 cxd4 9. cxd4 d5 10. e5 Ng8 11. Nc3 e6 12. Be3 Nge7 13. h3 Bxf3 14. Qxf3 Nf5 15. Rad1 Be7 16. Bd3 Ncxd4 17. Bxd4 Nxd4 18.
Qg4 Nc6 19. Qxg7 Rf8 20. Bxh7 Qb6 21. Qg4 Qxb2 22. Nxd5 exd5 23. Rxd5 Rd8 24. Rxd8+ Kxd8 25. Rd1+ Kc7 26. e6 fxe6 27. Qxe6 Qxf2+ 28. Kh1 Rd8 29. Rxd8 Bxd8 30. Bf5 Qf1+ 31. Kh2 Kb6 32. Qb3+ Ka7 33. Qe3+ Bb6 34. Bd3 Qd1 35. Qg3 Qg1# 0-1

[Event "Late-Titled-Tuesday-Blitz-May-07-2024"]
[Site "Chess.com"]
[Date "2024.05.07"]
[Round "8"]
[White "eljanov"]
[Black "GothamChess"]
[Result "0-1"]
[WhiteElo "2854"]
[BlackElo "2725"]
[TimeControl "180+1"]
[EndTime "15:28:15 PDT"]
[Termination "GothamChess won by resignation"]

1. d4 f5 2. Nc3 Nf6 3. Bg5 e6 4. e4 fxe4 5. Nxe4 Be7 6. Bxf6 Bxf6 7. Nf3 O-O 8. Bd3 Be7 9. Qe2 d5 10. Ned2 c5 11. dxc5 Bxc5 12. Nb3 Bb4+ 13. c3 Bd6 14. Nbd4 Qf6 15. Nb5 Bf4 16. g3 a6 17. gxf4 axb5 18.
f5 Re8 19. O-O e5 20. Bxb5 Nc6 21. Kh1 Bxf5 22. Ng1 e4 23. Rad1 Rad8 24. f4 Kh8 25. Qf2 e3 26. Qg3 d4 27. cxd4 Rxd4 28. Bxc6 Qxc6+ 29. Nf3 e2 0-1

[Event "Late-Titled-Tuesday-Blitz-May-07-2024"]
[Site "Chess.com"]
[Date "2024.05.07"]
[Round "8"]
[White "giomar27"]
[Black "StellarChess"]
[Result "0-1"]
[WhiteElo "2469"]
[BlackElo "2618"]
[TimeControl "180+1"]
[EndTime "15:28:16 PDT"]
[Termination "StellarChess won by resignation"]

1. Nc3 e5 2. Nf3 Nc6 3. d4 exd4 4. Nxd4 Nf6 5. Bg5 h6 6. Bh4 Bb4 7. Nxc6 bxc6 8. Qd4 Be7 9. e4 O-O 10. Bc4 d5 11. exd5 cxd5 12. Bb3 c5 13. Qd2 d4 14.
Bxf6 Bxf6 15. Nd5 Re8+ 16. Kf1 Ba6+ 17. Kg1 d3 18. c4 Re2 19. Qxd3 Rxb2 20. Re1 Bd4 21.
Bc2 g6 22. Ne7+ Kg7 23. Nxg6 Rxc2 24. Qxc2 fxg6 25. h4 Qf6 26. h5 Rf8 27. Re2 g5 28.
Rh3 Bb7 29. Rb3 Bc6 30. Ra3 Rf7 31. Ra6 Rc7 32. Ra3 Rb7 33. Ra6 Rc7 34. Qd2 g4 35.
Qa5 Rd7 36. Rxa7 g3 37. Rxd7+ Bxd7 38. Qc7 gxf2+ 39. Kf1 Qf7 40. Qg3+ Kh7 41. Qd3+ Bf5 42. Qf3 Kg7 43. g4 Bd7 44. Qb7 Bxg4 45. Re7 Bh3+ 46. Ke2 f1=Q+ 47. Kd2 Qf6 48. Rxf7+ Qxf7 49. Qg2+ 0-1

[Event "Late-Titled-Tuesday-Blitz-May-07-2024"]
[Site "Chess.com"]
[Date "2024.05.07"]
[Round "8"]
[White "mfschulz"]
[Black "GrotBchess"]
[Result "0-1"]
[WhiteElo "2345"]
[BlackElo "2519"]
[TimeControl "180+1"]
[EndTime "15:28:17 PDT"]
[Termination "GrotBchess won by resignation"]

1. d4 Nf6 2. Bg5 e6 3. Nd2 d5 4.
e3 Be7 5. Bd3 Nbd7 6. Ngf3 h6 7.
Bh4 c5 8. c3 b6 9. Qe2 Bb7 10.
O-O Rc8 11. a4 O-O 12. a5 bxa5 13. Ba6 Qb6 14. Bxb7 Qxb7 15. Rxa5 Rfe8 16. Rfa1 Qxb2 17. Rxa7 Qxc3 18. dxc5 Nxc5 19. h3 Nce4 20. Nxe4 Nxe4 21. Bxe7 Rxe7 22. Rxe7 Qxa1+ 23. Kh2 Rc1 24. g3 Qf6 25. Re8+ Kh7 26. Kg2 Rb1 27. Nd2 Rb2 28. Nxe4 dxe4 29. Qe1 Qf3+ 30. Kg1 Re2 31. Qf1 Rd2 32. Qg2 Rd1+ 33. Kh2 Qf5 34. Rb8 Qd5 35. Rb4 f5 36. g4 Rd2 37. Rb6 Qe5+ 38. Kg1 Rd1+ 39. Qf1 Rxf1+ 40. Kxf1 fxg4 41. hxg4 Qg5 42. Rxe6 Qxg4 43. Rd6 h5 44. Rd4 h4 0-1

[Event "Late-Titled-Tuesday-Blitz-May-07-2024"]
[Site "Chess.com"]
[Date "2024.05.07"]
[Round "8"]
[White "prachiti01"]
[Black "bazar-wokzal"]
[Result "0-1"]
[WhiteElo "2433"]
[BlackElo "2597"]
[TimeControl "180+1"]
[EndTime "15:28:19 PDT"]
[Termination "bazar-wokzal won by resignation"]

1. e4 Nc6 2. d4 d5 3. e5 h5 4. Be2 Bf5 5. c3 Qd7 6. Bxh5 Bxb1 7. Rxb1 Qf5 8. Qf3 Qxh5 9. Qxd5 e6 10. Qb5 O-O-O 11.
Nf3 Qg6 12. Nd2 Qxg2 13. Rf1 Rxh2 14. b4 Nge7 15. Qa4 Nd5 16. Rb3 Nb6 17. Qb5 Rh1 18. a4 Rxf1+ 19. Nxf1 Qe4+ 20. Ne3 a6 21. Qe2 Nxa4 22.
b5 axb5 23. Qxb5 Nb6 24. Ba3 Bxa3 25. Rxa3 f6 26. exf6 gxf6 27. Kd2 f5 28. Nc4 Nxc4+ 29. Qxc4 e5 30. Ra8+ Kd7 31. Qf7+ Ne7 32. Rxd8+ Kxd8 33. Qf8+ Kd7 34. dxe5 Qxe5 35. Qf7 Qd5+ 36. Qxd5+ Nxd5 0-1

[Event "Late-Titled-Tuesday-Blitz-May-07-2024"]
[Site "Chess.com"]
[Date "2024.05.07"]
[Round "8"]
[White "PawnEatingZombie"]
[Black "NajdorfPlayerc5"]
[Result "1-0"]
[WhiteElo "2272"]
[BlackElo "2407"]
[TimeControl "180+1"]
[EndTime "15:28:19 PDT"]
[Termination "PawnEatingZombie won by checkmate"]

1. e4 c6 2. Nf3 d5 3. d3 Bg4 4. Nbd2 e6 5. h3 Bh5 6. g4 Bg6 7. Ne5 Nd7 8. Nxg6 hxg6 9. Bg2 Bd6 10. f4 Bxf4 11. O-O g5 12. Nb3 Bxc1 13. Qxc1 Nh6 14.
exd5 cxd5 15. Qe3 Qb6 16. d4 O-O-O 17. Qxg5 Kb8 18. a4 Qc7 19. Rf2 f5 20. gxf5 Nxf5 21.
a5 Nf6 22. c3 Rh5 23. Qd2 Rdh8 24.
Nc5 Qd6 25. Qe2 Nh4 26. Qxe6 Qg3 27. Qf7 Nxg2 28. Qxb7# 1-0

[Event "Late-Titled-Tuesday-Blitz-May-07-2024"]
[Site "Chess.com"]
[Date "2024.05.07"]
[Round "8"]
[White "Assumpcaos"]
[Black "Ajedrez_con_German"]
[Result "1-0"]
[WhiteElo "2231"]
[BlackElo "2561"]
[TimeControl "180+1"]
[EndTime "15:28:22 PDT"]
[Termination "Assumpcaos won on time"]

1. d4 d5 2. c4 e6 3. Nc3 Nf6 4. cxd5 Nxd5 5. e4 Nxc3 6. bxc3 c5 7. Rb1 Be7 8. Nf3 O-O 9. Be2 b6 10. O-O Ba6 11. Be3 Bxe2 12. Qxe2 cxd4 13. cxd4 Nc6 14. Rfd1 Na5 15. d5 exd5 16. exd5 Bf6 17. Rbc1 Re8 18. Qd3 Qd7 19. d6 Rac8 20. Bf4 h6 21. h3 Nc6 22. Qb5 Re4 23. Bg3 Rb4 24. Qa6 Rd8 25. a3 Rb3 26. Qa4 Na5 27. Qxd7 Rxd7 28. Rc7 Rd8 29. a4 1-0

[Event "Late-Titled-Tuesday-Blitz-May-07-2024"]
[Site "Chess.com"]
[Date "2024.05.07"]
[Round "8"]
[White "OparinGrigoriy"]
[Black "GMKrikor"]
[Result "1-0"]
[WhiteElo "2997"]
[BlackElo "2839"]
[TimeControl "180+1"]
[EndTime "15:28:28 PDT"]
[Termination "OparinGrigoriy won on time"]

1. Nf3 d5 2. g3 Nc6 3. d4 Bf5 4. Bg2 Nb4 5. Na3 e6 6. Nh4 Bg4 7. h3 Bh5 8. c3 Nc6 9. O-O Be7 10. Nf3 Nf6 11. g4 Bg6 12. Nh4 Be4 13. f3 Bg6 14.
Nxg6 hxg6 15. Nc2 e5 16. e4 dxe4 17. fxe4 O-O 18. Be3 Nh7 19. Kh1 Bd6 20. d5 Nb8 21. c4 Nd7 22. b4 b6 23. Qd2 Qe7 24. a3 a5 25. Rab1 axb4 26. axb4 Ra2 27. Qc3 Rfa8 28.
Rfc1 g5 29. Rb3 Nhf8 30. Ne1 Qd8 31. c5 Be7 32. d6 cxd6 33. c6 Nf6 34. c7 Qc8 35. Bxb6 Ne6 36. b5 Nf4 37. Be3 Nxg2 38. Nxg2 Nxe4 39. Qd3 Ng3+ 40. Kh2 Ne2 41. Rc2 Nf4 42.
Bxf4 gxf4 43. b6 Qb7 44. c8=Q+ Rxc8 45. Rxa2 e4 46. Qa6 Qxa6 47. Rxa6 1-0

[Event "Late-Titled-Tuesday-Blitz-May-07-2024"]
[Site "Chess.com"]
[Date "2024.05.07"]
[Round "8"]
[White "Szparu"]
[Black "Adar_07"]
[Result "0-1"]
[WhiteElo "2893"]
[BlackElo "2742"]
[TimeControl "180+1"]
[EndTime "15:28:30 PDT"]
[Termination "Adar_07 won by checkmate"]

1. e4 c5 2. c3 g6 3. d4 cxd4 4. cxd4 Bg7 5. Nc3 a6 6. Nf3 b5 7. Bd3 Bb7 8. O-O e6 9. Re1 Ne7 10. e5 O-O 11. Ne4 Bxe4 12. Bxe4 Nbc6 13. Bg5 Rc8 14.
Qd2 d5 15. Bd3 Qb6 16. Qf4 Nb4 17. Bb1 Rfe8 18. Bh6 Nf5 19. Bxg7 Nxg7 20. Qh6 Nc2 21. Bxc2 Rxc2 22. Ng5 Qxd4 23. Qxh7+ Kf8 24. Rf1 Qxe5 25. h4 Rec8 26. Rae1 Qf6 27. Re3 Rxf2 28. Rf3 Rxf1+ 29. Rxf1 Nf5 30. g4 Qd4+ 31. Kh1 Ng3+ 32. Kg2 Rc2+ 33.
Kxg3 Qe5+ 34. Kf3 Qe2+ 35. Kf4 e5+ 36. Kg3 Qg2# 0-1

[Event "Late-Titled-Tuesday-Blitz-May-07-2024"]
[Site "Chess.com"]
[Date "2024.05.07"]
[Round "8"]
[White "carlsenCamacho"]
[Black "Vincefm"]
[Result "0-1"]
[WhiteElo "2325"]
[BlackElo "2499"]
[TimeControl "180+1"]
[EndTime "15:28:30 PDT"]
[Termination "Vincefm won by resignation"]

1. e4 e5 2. Nf3 Nc6 3. Bc4 Nf6 4. Nc3 Nxe4 5. Nxe4 d5 6. Bd3 Nb4 7. Nxe5 dxe4 8. Bxe4 Qe7 9. d4 f6 10. Qh5+ g6 11.
Bxg6+ hxg6 12. Qxh8 fxe5 13. O-O Nxc2 14. Bh6 Nxa1 15.
Re1 Be6 16. Bxf8 Qxf8 17. Qxe5 Qf5 18. Qh8+ Kd7 19. Qxa8 Nc2 20. Rd1 Qg4 21. f3 Qg5 22.
Qxa7 Ne3 23. Qa4+ c6 24. Rd2 Nc4 25. Re2 Qc1+ 26. Kf2 Nxb2 27. Qa5 Nd1+ 28. Kg3 Nc3 29. Qc5 Nxe2+ 30. Kf2 Qxc5 31. dxc5 Nc3 0-1

[Event "Late-Titled-Tuesday-Blitz-May-07-2024"]
[Site "Chess.com"]
[Date "2024.05.07"]
[Round "8"]
[White "Nf3c5"]
[Black "KNVB"]
[Result "1-0"]
[WhiteElo "2651"]
[BlackElo "2796"]
[TimeControl "180+1"]
[EndTime "15:28:32 PDT"]
[Termination "Nf3c5 won by checkmate"]

1. e4 a5 2. d4 Ra6 3. Bxa6 Nxa6 4. Nf3 e6 5. O-O b6 6. c4 Bb7 7. Nc3 Bb4 8. d5 Bxc3 9. bxc3 Ne7 10. Ba3 Ng6 11.
c5 Nxc5 12. Bxc5 bxc5 13. c4 O-O 14. Qd3 d6 15. g3 Ba6 16. Qc3 h6 17. Rfe1 f5 18.
exf5 Rxf5 19. dxe6 Qe7 20. Qd3 Rf6 21. Rab1 Kh7 22.
h4 Kh8 23. Rb8+ Nf8 24. Qd5 Kg8 25. Kg2 c6 26. Qxc6 Bxc4 27. Re8 Qa7 28. e7 Ba6 29. exf8=Q+ Rxf8 30.
Rxf8+ Kxf8 31. Qe8# 1-0

[Event "Late-Titled-Tuesday-Blitz-May-07-2024"]
[Site "Chess.com"]
[Date "2024.05.07"]
[Round "8"]
[White "ChadBiryani"]
[Black "GMRafpig"]
[Result "0-1"]
[WhiteElo "2552"]
[BlackElo "2738"]
[TimeControl "180+1"]
[EndTime "15:28:32 PDT"]
[Termination "GMRafpig won by checkmate"]

1. c4 Nf6 2. g3 e6 3. Bg2 d5 4.
Nf3 Be7 5. O-O O-O 6. b3 d4 7. e3 c5 8. Bb2 Nc6 9. d3 e5 10. Re1 Bg4 11. h3 Bh5 12. g4 Bg6 13. e4 h5 14. Nh4 hxg4 15. Nxg6 fxg6 16. hxg4 Qd7 17. Bh3 Nh7 18. Nd2 Ng5 19. Bg2 Ne6 20. Nf1 Bh4 21. Ng3 Rf6 22. Bc1 Raf8 23. Rf1 Qf7 24.
Qe1 Nf4 25. Bxf4 exf4 26. Nh1 Ne5 27. Qd1 f3 28. Bh3 g5 29. a3 Rh6 30. b4 Ng6 31. Re1 Qf4 32. Qc1 Bxf2+ 33. Nxf2 Qg3+ 34. Kf1 Rxh3 35. Rd1 Qg2+ 36. Ke1 Qg1+ 37. Kd2 Qxf2# 0-1

[Event "Late-Titled-Tuesday-Blitz-May-07-2024"]
[Site "Chess.com"]
[Date "2024.05.07"]
[Round "8"]
[White "KorolDimitriy75"]
[Black "JG-17"]
[Result "0-1"]
[WhiteElo "2401"]
[BlackElo "2564"]
[TimeControl "180+1"]
[EndTime "15:28:32 PDT"]
[Termination "JG-17 won on time"]

1. d4 d6 2. Nf3 Nf6 3. c4 g6 4.
Nc3 Bg7 5. e4 O-O 6. Be2 Nbd7 7.
O-O e5 8. Re1 Re8 9. Bf1 exd4 10. Nxd4 a5 11. f3 Nc5 12. Be3 h5 13. Qd2 h4 14.
Bg5 h3 15. Rad1 hxg2 16. Bxg2 c6 17. b3 Qc7 18. Nde2 Nh7 19. Be3 Bf8 20. Bf4 Rd8 21.
e5 dxe5 22. Qxd8 Qxd8 23. Rxd8 Ne6 24. Rxf8+ Nhxf8 25. Be3 f5 26. Rd1 Bd7 27. Na4 Re8 28. Nc5 Bc8 29. Nxe6 Nxe6 30. Nc3 Kf7 31. Na4 b5 32.
Nc5 Nc7 33. f4 e4 34. Bf1 a4 35. bxa4 bxa4 36. Nxa4 Be6 37. Nc5 Ra8 38. Nxe6 Nxe6 39. Rd7+ Kf6 40. Rd6 Rxa2 41. Rxc6 Ra3 42. Bd4+ Kf7 43.
Be5 g5 44. fxg5 f4 45. g6+ Ke7 46. g7 Ra8 47. c5 Rg8 0-1

[Event "Late-Titled-Tuesday-Blitz-May-07-2024"]
[Site "Chess.com"]
[Date "2024.05.07"]
[Round "8"]
[White "ab-lsv"]
[Black "boguszp"]
[Result "1-0"]
[WhiteElo "2375"]
[BlackElo "2053"]
[TimeControl "180+1"]
[EndTime "15:28:34 PDT"]
[Termination "ab-lsv won on time"]

1. d4 d5 2. c4 c6 3. Nc3 Nf6 4. e3 e6 5. Nf3 Nbd7 6. Be2 dxc4 7. a4 a6 8. Bxc4 Bb4 9. O-O O-O 10. Qc2 Nb6 11. Bd3 h6 12. Rd1 Qe7 13. e4 Rd8 14. Be3 Nbd7 15. e5 Nd5 16. Ne4 Nxe3 17. fxe3 Nb6 18.
Rf1 Nd5 19. Qf2 c5 20. Rad1 b6 21. h3 Bb7 22. Nh2 Nxe3 23. Qxe3 cxd4 24. Qf4 Rac8 25. Ng4 Bxe4 26. Qxe4 Qg5 27. h4 Qg6 28. Qf3 1-0

[Event "Late-Titled-Tuesday-Blitz-May-07-2024"]
[Site "Chess.com"]
[Date "2024.05.07"]
[Round "8"]
[White "balack95"]
[Black "youngdinousaur"]
[Result "0-1"]
[WhiteElo "2480"]
[BlackElo "2319"]
[TimeControl "180+1"]
[EndTime "15:28:35 PDT"]
[Termination "youngdinousaur won by resignation"]

1. d4 Nf6 2. c4 e6 3. Nc3 d5 4. cxd5 exd5 5. Bg5 Bb4 6. e3 Nbd7 7. Bd3 h6 8. Bh4 O-O 9. Ne2 c5 10. dxc5 Nxc5 11. Bc2 Nce4 12. O-O Nxc3 13. Nxc3 Bxc3 14. bxc3 Be6 15. Qd3 Re8 16. Rab1 b6 17. Rfd1 g5 18. Bg3 Rc8 19. Be5 Rc4 20. Bd4 Qe7 21. Bb3 Rc7 22. a4 Rec8 23. h4 Ne4 24. f3 Nxc3 25. Bc2 Ne2+ 26. Qxe2 Rxc2 27. Rd2 Rc1+ 28. Rxc1 Rxc1+ 29. Kf2 gxh4 30. Rd1 Rc4 31. a5 bxa5 32. Qb2 Qg5 33. Rc1 Qg3+ 34. Kf1 h3 35. gxh3 Qxf3+ 36. Ke1 Qg3+ 37.
Kd1 Qg1+ 38. Ke2 Qg2+ 0-1

[Event "Late-Titled-Tuesday-Blitz-May-07-2024"]
[Site "Chess.com"]
[Date "2024.05.07"]
[Round "8"]
[White "MikeSailer"]
[Black "katharinareinecke"]
[Result "1-0"]
[WhiteElo "2124"]
[BlackElo "1924"]
[TimeControl "180+1"]
[EndTime "15:28:37 PDT"]
[Termination "MikeSailer won by checkmate"]

1. d4 d5 2. Nf3 Nf6 3. Bf4 e6 4.
e3 c5 5. Bb5+ Bd7 6. Bxd7+ Nbxd7 7. c3 Be7 8. Nbd2 O-O 9. O-O Nh5 10.
Be5 Nxe5 11. dxe5 g6 12. Ne1 Ng7 13. e4 Qc7 14. exd5 exd5 15. Ndf3 Rad8 16. Nc2 Ne6 17.
Qd2 Qb6 18. Ne3 d4 19. Nc4 Qc7 20. a4 a6 21. a5 dxc3 22. Qxc3 Nd4 23. Nxd4 cxd4 24.
Qd3 Bc5 25. f4 Ba7 26. f5 Rc8 27. b3 Qc5 28. Rae1 Qb4 29. Kh1 Qc3 30. Qe4 Qxb3 31. Nd6 Rc2 32. e6 fxe6 33. fxe6 Qa2 34. Rxf8+ Kxf8 35. e7+ Kg7 36. e8=Q Rxg2 37. Q8e7+ Kh6 38. Q4h4# 1-0

[Event "Late-Titled-Tuesday-Blitz-May-07-2024"]
[Site "Chess.com"]
[Date "2024.05.07"]
[Round "8"]
[White "Reyson01"]
[Black "ahmedkandiliii"]
[Result "1-0"]
[WhiteElo "2532"]
[BlackElo "2632"]
[TimeControl "180+1"]
[EndTime "15:28:38 PDT"]
[Termination "Reyson01 won on time"]

1. e4 g6 2. d4 Bg7 3. Nc3 c6 4. h4 d5 5. e5 f6 6. h5 fxe5 7. dxe5 Bxe5 8. hxg6 hxg6 9. Rxh8 Bxh8 10. Bd3 Qd6 11. Nh3 Bxc3+ 12. bxc3 Bxh3 13. gxh3 Nd7 14. Qg4 Ne5 15. Qg3 Nxd3+ 16. Qxd3 O-O-O 17. Be3 e5 18. Bxa7 d4 19. cxd4 exd4 20. O-O-O Qf4+ 21. Kb1 Ne7 22. Qa3 Rd7 23. Bb6 Nd5 24. Rxd4 Qe5 25. Qf8+ 1-0

[Event "Late-Titled-Tuesday-Blitz-May-07-2024"]
[Site "Chess.com"]
[Date "2024.05.07"]
[Round "8"]
[White "picturesquecheck"]
[Black "vladgoncharov"]
[Result "1-0"]
[WhiteElo "2463"]
[BlackElo "2576"]
[TimeControl "180+1"]
[EndTime "15:28:39 PDT"]
[Termination "picturesquecheck won on time"]

1. e4 e6 2. b3 d5 3. Bb2 Nf6 4. e5 Nfd7 5. d4 c5 6. Nd2 cxd4 7.
Ngf3 Nc6 8. Bb5 Qc7 9. Bxc6 bxc6 10. O-O Ba6 11. Re1 c5 12. b4 Rb8 13. a3 Be7 14. Nb3 O-O 15. bxc5 Nxc5 16. Bxd4 Rfc8 17. Bxc5 Bxc5 18.
Ng5 Be7 19. Qh5 Bxg5 20. Qxg5 Qxc2 21. Nd4 Qg6 22. Qe7 Ra8 23. Rac1 Re8 24. Qd6 Bc4 25. Nc6 Qd3 26. g3 h5 27. Red1 Qf3 28. h4 a5 29. Re1 a4 30. Re3 Qg4 31. Rd1 Kh7 32. Rd4 Qg6 33. Qb4 Qc2 34. Rf4 Bb3 35. Nd4 Qc7 36.
Qd2 g6 37. Nf3 Re7 38. Ng5+ Kg7 39. Ref3 Rf8 40. Qd4 Qc1+ 41. Kh2 Bc2 42. Qc5 Rfe8 43. Rxf7+ Rxf7 44. Rxf7+ Kg8 45. Qc7 1-0

[Event "Late-Titled-Tuesday-Blitz-May-07-2024"]
[Site "Chess.com"]
[Date "2024.05.07"]
[Round "8"]
[White "Bryanl106"]
[Black "Airquake"]
[Result "0-1"]
[WhiteElo "2710"]
[BlackElo "2853"]
[TimeControl "180+1"]
[EndTime "15:28:40 PDT"]
[Termination "Airquake won by resignation"]

1. e4 c5 2. Nf3 d6 3. d4 cxd4 4. Nxd4 Nf6 5. Nc3 a6 6. h3 Qc7 7. g4 b5 8. Nd5 Nxd5 9. exd5 Bb7 10. Bg2 g6 11. O-O Bg7 12. Bg5 h6 13. Be3 O-O 14. Qd2 Kh7 15. a4 bxa4 16. Rxa4 Nd7 17. Qe2 Nb6 18.
Rb4 Bxd5 19. Rxb6 Bxg2 20. Ne6 Bxf1 21. Nxf8+ Rxf8 22. Kxf1 a5 23. c3 a4 24. Qf3 a3 25.
bxa3 Qxc3 26. Rb7 Bf6 27. a4 Qa1+ 28. Kg2 Qxa4 29. h4 Bxh4 30. g5 Bxg5 31. Bxg5 hxg5 32. Rxe7 Qf4 33. Qh3+ Kg7 34. Qc3+ Qf6 35. Qe3 Rh8 36. Ra7 Qe5 37. Qf3 Qh2+ 38. Kf1 Qh1+ 39. Ke2 Qxf3+ 40. Kxf3 Rd8 41. Kg4 Kf6 42. Ra3 d5 43. Rf3+ Kg7 44. Kxg5 d4 45. Rd3 Rd5+ 46. Kf4 Kf6 47. Ke4 Rd8 48.
Rf3+ Ke6 49. Kd3 f5 50. Rg3 Kf6 51. f4 Re8 52. Kxd4 Re4+ 53. Kd3 Rxf4 54. Ke3 Ra4 55.
Rg1 Ra3+ 56. Kf2 g5 57. Rb1 f4 58. Rb5 Kg6 59. Kg2 Kh5 60. Rb2 Kg4 61. Rf2 Rh3 62.
Rxf4+ gxf4 0-1

[Event "Late-Titled-Tuesday-Blitz-May-07-2024"]
[Site "Chess.com"]
[Date "2024.05.07"]
[Round "8"]
[White "emeli_chess"]
[Black "Denmark2015"]
[Result "1-0"]
[WhiteElo "2455"]
[BlackElo "2573"]
[TimeControl "180+1"]
[EndTime "15:28:40 PDT"]
[Termination "emeli_chess won by resignation"]

1. d4 e6 2. c4 f5 3. g3 Nf6 4.
Bg2 Be7 5. Nh3 d6 6. O-O c6 7. b3 O-O 8. Bb2 Qc7 9. Nd2 e5 10.
dxe5 dxe5 11. Nf3 Ng4 12. Qc2 Bf6 13. Rad1 a5 14. a3 h6 15. e4 f4 16. gxf4 exf4 17.
Bxf6 Rxf6 18. e5 Nxe5 19. Nxe5 Qxe5 20. Rd8+ Rf8 21. Rxf8+ Kxf8 22. Rd1 Nd7 23. Qh7 Nf6 24. Qh8+ Kf7 25. Qd8 Bg4 26. Qxa8 Bxd1 27. Qxb7+ Kg6 28. Qxc6 Qe1+ 29. Bf1 Be2 30. Nxf4+ Kh7 31. Nxe2 Ng4 32. Qe4+ 1-0